 Dungeon Crawl Stone Soup version 0.27-a0-1548-gf8a67e7463 (webtiles) character file.

Game seed: 2348297700229531364

476 wotkd0121004 the Sneak (level 7, 0/41 HPs)
             Began as an Octopode Earth Elementalist on July 13, 2021.
             Slain by an adder (4 damage)
             ... in a sewer.
             The game lasted 00:06:39 (4508 turns).

wotkd0121004 the Sneak (OpEE)                       Turns: 4508, Time: 00:06:40

Health: 0/41       AC:  1    Str:  8    XL:     7   Next: 10%
Magic:  9/11       EV: 14    Int: 19    God:
Gold:   62         SH:  0    Dex: 12    Spells: 8/12 levels left

rFire    . . .     SeeInvis .   d - +3 dagger
rCold    . . .     Faith    .   (no shield)
rNeg     . . .     Spirit   .   (helmet restricted)
rPois    .         Reflect  .   (no amulet)
rElec    .         Harm     .   (no ring)
rCorr    .         Rampage  .   (no ring)
Will     .....                  (no ring)
Stlth    +++++.....             (no ring)
HPRegen  0.13/turn              (no ring)
MPRegen  0.12/turn              (no ring)
                                (no ring)
                                (no ring)

@: lethally poisoned (0 -> -5), very slightly contaminated, hasted and slowed,
invisible
A: almost no armour, amphibious, 8 rings, camouflage 1, gelatinous body 1,
nimble swimmer 1, tentacles
a: no special abilities


You were in a sewer.
You visited 1 branch of the dungeon, and saw 3 of its levels.
You also visited: Sewer.

You collected 62 gold pieces.

Inventory:

Hand Weapons
 a - a +3 short sword of holy wrath
 d - a +3 dagger (weapon)
 f - a +1 whip of electrocution
Missiles
 q - a curare-tipped dart (quivered)
Jewellery
 e - an amulet of guardian spirit
 l - a +4 ring of evasion
Scrolls
 c - a scroll of blinking
 h - a scroll of silence
 j - a scroll of vulnerability
 k - a scroll of enchant armour
 o - a scroll of identify
Potions
 g - a potion of flight
 i - a potion of haste
 m - a potion of curing {unknown}
 n - a potion of degeneration {unknown}
 p - a potion of lignification {unknown}
 r - 2 potions of invisibility


   Skills:
 + Level 3.4 Dodging
 + Level 4.9 Stealth
 + Level 3.2 Spellcasting
 * Level 2.8 Conjurations
 + Level 2.8 Transmutations
 + Level 4.1 Earth Magic


You had 8 spell levels left.
You knew the following spells:

 Your Spells              Type           Power      Damage    Failure   Level
a - Sandblast             Erth           36%        2d10      2%          1
b - Stone Arrow           Conj/Erth      32%        3d9       11%         3

Your spell library contained the following spells:

 Spells                   Type           Power      Damage    Failure   Level
 Passwall                 Tmut/Erth      13%        N/A       5%          2
 Ignite Poison            Fire/Tmut/Pois 6%         N/A       30%         3
 Mephitic Cloud           Conj/Pois/Air  6%         N/A       30%         3
 Petrify                  Tmut/Erth      16%        N/A       34%         4
 Ozocubu's Armour         Ice            3%         N/A       41%         3
 Bolt of Magma            Conj/Fire/Erth 5%         4d5       85%         5
 Ozocubu's Refrigeration  Ice            1%         4d5       100%        7


Dungeon Overview and Level Annotations

Branches:
Dungeon (3/15)              Sewer (1/1)

Altars:
Trog
Vehumet

Shops:
D:3 ?!(


Innate Abilities, Weirdness & Mutations

You cannot wear most types of armour.
You are amphibious.
You can wear up to eight rings at the same time.
Your skin changes colour to match your surroundings (Stealth+).
Your rubbery body absorbs attacks. (AC +1, EV +1)
You are camouflaged near water. (Stealth+)
You have tentacles for arms and can constrict up to eight enemies at once.


Message History

Aiming: Sandblast (safe; 2% risk of failure)
Press: ? - help, Shift-Dir - straight line, f/p - kobold brigand
Aim: a kobold brigand, wielding a +0 whip and quivering curare-tipped darts (moderately wounded, poisoned, slow, 74% to hit)
The blast of sand hits the adder.
The adder is moderately wounded.
b - a stone You feel sick.
The adder closely misses you. The adder bites you.
* * * LOW HITPOINT WARNING * * *
Casting: Sandblast (safe; 2% risk of failure)
Confirm with . or Enter, or press ? or * to list all spells.
Aiming: Sandblast (safe; 2% risk of failure)
Press: ? - help, Shift-Dir - straight line, f/p - kobold brigand
Aim: a kobold brigand, wielding a +0 whip and quivering curare-tipped darts (moderately wounded, poisoned, slow, 74% to hit)
The blast of sand misses the adder.
The blast of sand hits the kobold brigand!
The kobold brigand is severely wounded.
You now have no stones remaining.
You feel sick.
You are no longer poisoned.
The kobold brigand is no longer moving slowly.
The adder closely misses you. x2
Casting: Sandblast (safe; 2% risk of failure)
Confirm with . or Enter, or press ? or * to list all spells.
You don't have any stones to cast with.
Unknown command.
Unknown command.
It was a potion of invisibility.
You fade into invisibility!
The adder bites you.
* * * LOW HITPOINT WARNING * * *
You are poisoned.
The adder poisons you! The adder closely misses you.
You are very lightly contaminated with residual magic.
Unknown command.
It was a potion of haste.
You feel yourself speed up.
* * * LOW HITPOINT WARNING * * *
You feel very sick. The adder bites you.
* * * LOW HITPOINT WARNING * * *
The adder bites you.
You die...

## ###### #.
(#.#)# #≈
≈#≈#≈# #≈
≈#≈#≈#
#≈#≈#≈#≈#
≈K≈#≈≈≈#
#S###≈## #@#
#≈# #.###≈#
#.≈≈≈≈#
##≈.≈## #.≈≈#
#≈≈.# #.≈≈##
#######
#≈..≈## ##.
#.†≈≈.#####
#.≈≈..#####..


You could see a kobold brigand (poisoned) and an adder.

Vanquished Creatures
  5 kobold brigands (Sewer)
  3 adders
  5 worms (Sewer)
  A dart slug (D:3)
  4 bats
  11 endoplasms
  3 giant cockroaches
  6 goblins
  5 hobgoblins
  7 jackals
  8 kobolds
  3 quokkas
  9 ball pythons
  5 frilled lizards
  10 rats
85 creatures vanquished.

Vanquished Creatures (others)
  2 plants (D:1)
  3 withered plants (D:1)
5 creatures vanquished.

Grand Total: 90 creatures vanquished

Notes
Turn   | Place    | Note
-------+----------+-------------------------------------------
     0 | D:1      | wotkd0121004 the Octopode Earth Elementalist began the
                  | quest for the Orb.
     0 | D:1      | Reached XP level 1. HP: 11/11 MP: 3/3
   278 | D:1      | Reached XP level 2. HP: 17/17 MP: 5/5
   728 | D:1      | Reached XP level 3. HP: 13/21 MP: 6/6
  1309 | D:1      | Found a faded altar of an unknown god.
  2384 | D:2      | Found a bloodstained altar of Trog.
  2393 | D:2      | Reached XP level 4. HP: 11/27 MP: 5/7
  2962 | D:3      | Found a radiant altar of Vehumet.
  3077 | D:3      | Found Ekhloela's Magic Scroll Shoppe.
  3079 | D:3      | Found Sonicera's Distillery.
  3101 | D:3      | Found Cyrapuqy's Weapon Boutique.
  3154 | D:3      | Found a glowing drain.
  3162 | Sewer    | Entered a sewer
  3181 | Sewer    | Noticed a kobold brigand
  3187 | Sewer    | Noticed a kobold brigand
  3202 | Sewer    | Learned a level 3 spell: Stone Arrow
  3220 | Sewer    | Killed a kobold brigand
  3221 | Sewer    | Reached skill level 1 in Conjurations
  3221 | Sewer    | Reached XP level 5. HP: 31/31 MP: 1/9
  3242 | Sewer    | Killed a kobold brigand
  3470 | Sewer    | Noticed a kobold brigand
  3486 | Sewer    | Killed a kobold brigand
  3487 | Sewer    | Reached XP level 6. HP: 33/36 MP: 6/10
  4149 | Sewer    | Reached XP level 7. HP: 16/41 MP: 8/11
  4508 | Sewer    | Slain by an adder

Illustrated notes

Levels and vault maps discovered:
D:1:      sevenhm_arrival_forest_fort_large_1, layout_basic,
          shapermc_ecumenical_altar_flowoftime
D:2:      layout_basic, basic_altar, chequers_arboretum, interstate_on_off,
          grunt_ministairs_2
D:3:      layout_loops_ring, mainiacjoe_overflow_six_doors_small, serial_shops,
          nicolae_shop_window_shopping, nicolae_lakefront_shop, shop,
          nicolae_shop_stone, nicolae_shop_crystal, portal_sewer_entry_f
Sewer:    sewer_co_tree

Skill      XL: |  1  2  3  4  5  6 |
---------------+-------------------+-----
Stealth        | 3 4 |  4.9
Conjurations   | 1 2 |  2.8
Transmutations | 2 |  2.8
Dodging        | 3 |  3.4
Spellcasting   | 3 |  3.2
Earth Magic    | 4 |  4.1

Action                   |  1- 3 |  4- 6 |  7- 9 || total
-------------------------+-------+-------+-------++-------
Melee: Unarmed           |    19 |       |       ||    19
       Tentacles         |    18 |    15 |     1 ||    34
       Constrict         |    21 |    15 |     1 ||    37
       Dagger            |    75 |    70 |    11 ||   156
Throw: Dart              |       |     2 |     1 ||     3
 Cast: Sandblast         |    11 |    24 |     2 ||    37
  Use: Scroll            |       |     7 |       ||     7
       Potion            |       |       |     2 ||     2
 Stab: Sleeping          |    21 |     8 |     3 ||    32
       Distracted        |     1 |       |       ||     1
Armor: Skin              |     4 |     1 |       ||     5
Dodge: Dodged            |    52 |    28 |    15 ||    95

Table legend: (Time is in decaauts)
 A = Elapsed time spent in this place.
 B = Non-inter-level travel time spent in this place.
 C = Inter-level travel time spent in this place.
 D = Time resting spent in this place.
 E = Time spent auto-exploring this place.
 F = Levels seen in this place.
 G = Mean time per level.
                   A        B        C        D        E       F      G
               +--------+--------+--------+--------+--------+-----+--------+
         Total |   4510 |   4420 |     90 |    298 |   3304 |   4 | 1127.5 |
       Dungeon |   3161 |   3071 |     90 |      0 |   2492 |   3 | 1053.7 |
         Sewer |   1349 |   1349 |      0 |    298 |    812 |   1 | 1349.0 |
               +--------+--------+--------+--------+--------+-----+--------+

Top non-repeatable levels by time:
     D:1: 1713 daAuts
   Sewer: 1349 daAuts
     D:2: 1216 daAuts
     D:3: 230 daAuts
